 Dungeon Crawl Stone Soup version 0.21.1-1-g345015fe64 (webtiles) character file.

252 LevaFresel the Shooter (level 5, -1/46 HPs)
             Began as a Minotaur Hunter on June 5, 2018.
             Slain by Duvessa
             ... wielding a +0 short sword
              (3 damage)
             ... on level 4 of the Dungeon.
             The game lasted 00:16:45 (2372 turns).

LevaFresel the Shooter (Minotaur Hunter)            Turns: 2372, Time: 00:16:45

Health: -1/46      AC:  6    Str: 17    XL:     5   Next: 89%
Magic:  4/4        EV: 12    Int:  8    God:
Gold:   174        SH:  0    Dex: 11    Spells: 4/4 levels left

rFire    . . .     SeeInvis .   a - +1 shortbow
rCold    . . .     Gourm    .   (shield currently unavailable)
rNeg     . . .     Faith    .   g - +0 ring mail
rPois    .         Spirit   .   (helmet restricted)
rElec    .         Reflect  .   (no cloak)
rCorr    .         Harm     .   (no gloves)
MR       .....                  j - +0 pair of boots
Stlth    +.........             (no amulet)
HPRegen  0.15/turn              (no ring)
MPRegen  0.09/turn              (no ring)

@: slowed, very slow
A: retaliatory headbutt, horns 2
a: no special abilities


You were on level 4 of the Dungeon.
You were not hungry.

You visited 1 branch of the dungeon, and saw 5 of its levels.

You collected 174 gold pieces.

Inventory:

Hand Weapons
 a - a +1 shortbow (weapon)
 b - a +0 short sword
 q - a cursed -1 dagger
 w - a +0 hand axe of chopping
Missiles
 d - 43 arrows (quivered)
Armour
 c - a +0 leather armour
 g - a +0 ring mail (worn)
 j - a +0 pair of boots (worn)
Scrolls
 e - 2 scrolls of identify
 h - 5 scrolls of remove curse
 i - 2 scrolls of immolation
 k - a scroll of noise {unknown}
 m - a scroll of enchant armour {unknown}
 o - a scroll of teleportation {unknown}
 r - a scroll of fear {unknown}
 u - 2 scrolls of enchant weapon {unknown}
 v - a scroll of magic mapping {unknown}
 x - a scroll of amnesia {unknown}
 y - a scroll of blinking {unknown}
Potions
 l - a potion of curing {unknown}
 n - a potion of degeneration {unknown}
 p - a potion of haste {unknown}
 s - 2 potions of flight {unknown}
 z - a potion of lignification {unknown}
Books
 t - a book of Changes

   Spells                             Type                      Level
   a - Beastly Appendage              Transmutation                1
   b - Sticks to Snakes               Transmutation                2
   c - Spider Form                    Transmutation/Poison         3
   d - Ice Form                       Ice/Transmutation            4
   e - Blade Hands                    Transmutation                5
Comestibles
 f - 3 rations


   Skills:
 + Level 3.9 Fighting
 * Level 6.0 Bows
 + Level 2.8 Armour
 + Level 3.6 Dodging
 - Level 0.7 Stealth


You had 4 spell levels left.
You didn't know any spells.

Dungeon Overview and Level Annotations

Branches:
Dungeon (5/15)
 Temple: D:4-7

Altars:
Elyvilon

Annotations:
D:4 Dowan, Duvessa, Natasha


Innate Abilities, Weirdness & Mutations

You reflexively headbutt those who attack you in melee.
You have a pair of horns on your head.


Message History

Duvessa barely misses you. Duvessa barely misses you.
The crimson imp blinks!
Duvessa barely misses you. You furiously retaliate!
You headbutt Duvessa. Duvessa closely misses you. You furiously retaliate!
You headbutt Duvessa, but do no damage.
Duvessa says, "Practise, practise, practise!
One day you'll be as good as me." Duvessa hits you with a short sword!
* * * LOW HITPOINT WARNING * * *
Duvessa hits you but does no damage.
The shadow imp disappears in a puff of smoke!
Duvessa hits you but does no damage.
As you read the scroll of immolation, it crumbles to dust.
The creatures around you are filled with an inner flame!
Duvessa hits you with a short sword.
* * * LOW HITPOINT WARNING * * *
Duvessa hits you with a short sword.
* * * LOW HITPOINT WARNING * * *
Duvessa barely misses you. Duvessa hits you with a short sword.
You die...

..e##.# # #.....# #
#e##5.##### # #.(5.ยง....#
####..###..
#..############### #
#.....e.h5.......# ######
#.####.###e#####[######.....
#.####.# #.@...).........###
#....>.# #######............
######## #############


You could see Duvessa (inner flame), an iron imp and Natasha (inner flame).

Vanquished Creatures
  A hound (D:4)
  Jessica (D:2)
  Terence (D:2)
  An orc wizard (D:3)
  An iguana (D:4)
  4 gnolls (D:3)
  An adder skeleton (D:4)
  A worm (D:3)
  2 dart slugs (D:1)
  6 orcs
  3 giant cockroaches
  3 goblins
  12 hobgoblins
  9 jackals
  A quokka (D:2)
  4 bats
  3 frilled lizards
  6 kobolds
  8 rats
68 creatures vanquished.

Notes
Turn   | Place    | Note
-------+----------+-------------------------------------------
     0 | D:1      | LevaFresel the Minotaur Hunter began the quest for the Orb.
     0 | D:1      | Reached XP level 1. HP: 18/18 MP: 0/0
   439 | D:1      | Reached XP level 2. HP: 25/25 MP: 1/1
   648 | D:1      | Reached skill level 1 in Armour
  1041 | D:2      | Reached XP level 3. HP: 30/30 MP: 2/2
  1263 | D:2      | Noticed Jessica
  1264 | D:2      | Killed Jessica
  1264 | D:2      | Reached skill level 5 in Bows
  1288 | D:2      | Reached XP level 4. HP: 38/38 MP: 3/3
  1293 | D:2      | Noticed Terence
  1298 | D:2      | Killed Terence
  1710 | D:3      | Found a white marble altar of Elyvilon.
  1804 | D:3      | Reached XP level 5. HP: 45/45 MP: 4/4
  2200 | D:4      | Reached skill level 6 in Bows
  2284 | D:5      | Entered Level 5 of the Dungeon
  2309 | D:5      | Noticed an ice beast
  2353 | D:4      | Noticed Natasha
  2355 | D:4      | Noticed Dowan
  2361 | D:4      | Noticed Duvessa
  2371 | D:4      | HP: 2/46 [Duvessa/short sword (3)]
  2372 | D:4      | Slain by Duvessa

Skill      XL: |  1  2  3  4  5 |
---------------+----------------+-----
Armour         | 1 2 |  2.8
Fighting       | 3 |  3.9
Bows           | 5 6 |  6.0
Dodging        | 3 |  3.6
Stealth        | |  0.7

Action                   |  1- 3 |  4- 6 || total
-------------------------+-------+-------++-------
Melee: Short sword       |     4 |       ||     4
 Fire: Shortbow          |    89 |   122 ||   211
  Use: Scroll            |       |     5 ||     5
  Eat: Ration            |     1 |     1 ||     2
Armor: Leather armour    |     7 |       ||     7
       Ring mail         |       |    16 ||    16
Dodge: Dodged            |    21 |    49 ||    70
